 Dungeon Crawl Stone Soup version 0.28-a0-793-g31680bbd8b (webtiles) character file.

Game seed: 929288507026558386

140 Glokmah the Skirmisher (level 5, 0/41 HPs)
             Began as a Demonspawn Gladiator on Nov 5, 2021.
             Slain by an orc (5 damage)
             ... on level 3 of the Dungeon.
             The game lasted 00:04:41 (2472 turns).

Glokmah the Skirmisher (Demonspawn Gladiator)       Turns: 2472, Time: 00:04:41

Health: 0/41       AC: 10    Str: 16    XL:     5   Next: 2%
Magic:  5/5        EV:  9    Int:  9    God:
Gold:   99         SH:  0    Dex: 14    Spells: 4/4 levels left

rFire   x . .      SeeInvis .   a - +1 short sword (venom)
rCold   + + .      Faith    .   (no shield)
rNeg    . . .      Spirit   .   h - +0 ice dragon scales
rPois   .          Reflect  .   c - +0 helmet
rElec   .          Harm     .   (no cloak)
rCorr   .          Rampage  .   (no gloves)
Will    .....                   (no boots)
Stlth   ..........              (no amulet)
HPRegen 1.13/turn               (no ring)
MPRegen 0.09/turn               (no ring)

@: no status effects
A: powered by death 1, demonic touch 1
a: no special abilities


You were on level 3 of the Dungeon.
You visited 1 branch of the dungeon, and saw 3 of its levels.

You collected 99 gold pieces.

Inventory:

Hand Weapons
 a - a +1 short sword of venom (weapon)
 i - a +0 dagger of venom
Missiles
 d - 2 throwing nets
 f - 26 stones
 g - 20 poisoned darts (quivered)
Armour
 c - a +0 helmet (worn)
 h - +0 ice dragon scales (worn)
 k - a +0 buckler
Wands
 l - a wand of flame (9)
Scrolls
 b - a scroll of blinking {unknown}
 e - a scroll of amnesia {unknown}
Potions
 j - a potion of attraction {unknown}


   Skills:
 * Level 3.3 Fighting
 * Level 1.6 Short Blades
 - Level 2.9 Polearms
 + Level 2.4 Throwing
 + Level 1.3 Armour
 - Level 2.6 Dodging
 + Level 1.1 Shields


You had 4 spell levels left.
You didn't know any spells.
Your spell library was empty.

Dungeon Overview and Level Annotations

Branches:
Dungeon (3/15)

Altars:

Shops:
D:2 ?


Innate Abilities, Weirdness & Mutations

You regenerate a little health from kills.
Your touch may inflict minor irresistible damage on your foes.


Message History

No target in view!
No target in view!
The orc priest shouts!
Found 25 bolts.
The orc wizard shouts!
The orc shouts! x2
The orc priest closely misses you.
You barely miss the orc priest. Your touch misses the orc priest.
The orc priest hits you with a +0 mace.
You barely miss the orc priest.
The orc wizard casts a spell.
The orc wizard flickers and vanishes!
Deactivating autopickup; reactivate with Ctrl-A.
The orc priest mumbles some strange prayers to Beogh against you.
Beogh smites you!
You hit the orc priest.
The orc priest is poisoned.
You touch the orc priest.
The orc priest is heavily wounded.
The orc priest hits you but does no damage.
You barely miss the orc priest. Your touch misses the orc priest.
The orc priest is severely wounded.
The orc priest invokes the aid of Beogh against you.
Beogh smites you!
You are too injured to fight recklessly!
You are too injured to fight recklessly!
You closely miss the orc priest.
You touch the orc priest.
The orc priest is almost dead.
Something hits you but does no damage. The orc hits you with a +0 flail.
The orc priest looks satisfied for a moment.
You closely miss the orc priest.
The orc priest is almost dead.
The orc hits you but does no damage. Something hits you.
* * * LOW HITPOINT WARNING * * *
The orc closely misses you.
The orc priest invokes the aid of Beogh against you.
Pain shoots through your body!
* * * LOW HITPOINT WARNING * * *
You hit the orc priest.
You kill the orc priest!
The orc barely misses you. The orc hits you with a +0 flail.
You die...

##...## ##...<.#......
.#.!........... ### ##
#...............
..##.######.............
........# ##.....#......
........# #.....>.......
........# #.....).......
........# #.....@o......
<.......# ##.....o....(.
#.......# ##...........
####.##.#####...#..#####
#.##...#...####..# #)#
#...### ....
####.#####...# #..##
#..)[.))...#.# ##...
..##..######.###..# ###


You could see 2 orcs.

Vanquished Creatures
  3 orc priests
  An orc wizard (D:3)
  2 worms (D:2)
  7 orcs
  4 bats
  2 endoplasms
  6 goblins
  3 hobgoblins
  3 kobolds
  3 quokkas
  4 ball pythons
  4 frilled lizards
  6 rats
48 creatures vanquished.

Notes
Turn   | Place    | Note
-------+----------+-------------------------------------------
     0 | D:1      | Glokmah the Demonspawn Gladiator began the quest for the
                  | Orb.
     0 | D:1      | Reached XP level 1. HP: 16/16 MP: 1/1
   221 | D:1      | Gained mutation: Your touch may inflict minor irresistible
                  | damage on your foes. [demonic ancestry]
   221 | D:1      | Reached XP level 2. HP: 22/22 MP: 2/2
  1603 | D:2      | Found Buneij's Magic Scroll Emporium.
  1645 | D:2      | Gained mutation: You regenerate a little health from kills.
                  | [demonic ancestry]
  1645 | D:2      | Reached XP level 3. HP: 28/28 MP: 3/3
  2098 | D:2      | Reached skill level 3 in Fighting
  2098 | D:2      | Reached skill level 1 in Short Blades
  2098 | D:2      | Reached skill level 1 in Armour
  2098 | D:2      | Reached XP level 4. HP: 23/35 MP: 4/4
  2340 | D:3      | Reached skill level 1 in Shields
  2452 | D:3      | Reached XP level 5. HP: 39/41 MP: 5/5
  2472 | D:3      | Slain by an orc

Illustrated notes

Levels and vault maps discovered:
D:1:      ebering_trefoil_3fold, layout_basic
D:2:      layout_loops_ring, serial_shops, nicolae_shop_behind_doors,
          grunt_ministairs_12
D:3:      layout_rooms, hellmonk_ecumenical_altar_heavens_door, serial_shops,
          nicolae_lakefront_shop

Skill      XL: |  1  2  3  4 |
---------------+-------------+-----
Throwing       | 2 |  2.4
Fighting       | 3 |  3.3
Short Blades   | 1 |  1.6
Armour         | 1 |  1.3
Shields        | 1 |  1.1
Polearms       | |  2.9
Dodging        | |  2.6

Action                   |  1- 3 |  4- 6 || total
-------------------------+-------+-------++-------
Melee: Trident           |    38 |       ||    38
       Dagger            |    39 |    33 ||    72
       Touch             |    15 |    10 ||    25
       Short sword       |       |     8 ||     8
Throw: Throwing net      |     1 |       ||     1
       Dart              |       |     1 ||     1
Armor: Leather armour    |     4 |       ||     4
       Ice dragon scales |    19 |    15 ||    34
Dodge: Dodged            |    30 |    12 ||    42

Table legend: (Time is in decaauts)
 A = Elapsed time spent in this place.
 B = Non-inter-level travel time spent in this place.
 C = Inter-level travel time spent in this place.
 D = Time resting spent in this place.
 E = Time spent auto-exploring this place.
 F = Levels seen in this place.
 G = Mean time per level.
                   A        B        C        D        E       F      G
               +--------+--------+--------+--------+--------+-----+--------+
         Total |   2477 |   2317 |    160 |    223 |   1721 |   3 |  825.7 |
       Dungeon |   2477 |   2317 |    160 |    223 |   1721 |   3 |  825.7 |
               +--------+--------+--------+--------+--------+-----+--------+

Top non-repeatable levels by time:
     D:1: 1303 daAuts
     D:2: 1008 daAuts
     D:3: 165 daAuts
